 Dungeon Crawl Stone Soup version 0.29.1-12-g30fa7ad0bf (webtiles) character file.

Game seed: 15488283480405032615

4459 GigaChad the Blocker (level 10, -2/86 HPs)
             Began as a Minotaur Fighter on Jan 15, 2023.
             Was a Follower of Uskayaw.
             Slain by a wyvern (7 damage)
             ... on level 9 of the Dungeon.
             The game lasted 00:18:29 (8253 turns).

GigaChad the Blocker (Minotaur Fighter)             Turns: 8253, Time: 00:18:30

Health: -2/86      AC:  0    Str: 25    XL:     10   Next: 15%
Magic:  9/9        EV: 18    Int:  5    God:    Uskayaw [*.....]
Gold:   253        SH:  0    Dex: 15    Spells: 9/9 levels left

rFire   . . .      SeeInvis .   (weapon currently unavailable)
rCold   . . .      Faith    .   (shield currently unavailable)
rNeg    . . .      Spirit   .   (body armour currently unavailable)
rPois   .          Reflect  .   (helmet currently unavailable)
rElec   .          Harm     .   (cloak currently unavailable)
rCorr   .          Rampage  .   (gloves currently unavailable)
Will    .....                   (boots currently unavailable)
Stlth   +.........              (no amulet)
HPRegen 0.24/turn               (ring currently unavailable)
MPRegen 0.11/turn               (ring currently unavailable)

@: bat-form, flying, very quick
A: fast, flying, no casting, tiny, (horns 2), (retaliatory headbutt)
a: Renounce Religion, Stomp


You were on level 9 of the Dungeon.
You worshipped Uskayaw.
Uskayaw was noncommittal.
You were a bat.
You visited 2 branches of the dungeon, and saw 10 of its levels.

You collected 364 gold pieces.
You spent 111 gold pieces at shops.

Inventory:

Hand Weapons
 a - a +0 war axe of protection (melded)
 m - a +2 spectral club
 z - a +0 rapier of venom
 F - a +0 long sword of holy wrath
 M - a -3 demon whip
 N - a -1 double sword
 O - a +4 great sword
 P - a +4 long sword of freezing
 Q - a +1 war axe of flaming
Armour
 b - a +0 scale mail
 c - a +0 buckler
 f - a +0 chain mail
 n - a +1 robe of fire resistance
 t - a +0 tower shield (melded)
 E - the +1 pair of gloves of Inaction {*Corrode rN+++ Str-4}
   (You found it on level 5 of the Dungeon)

   Str:       It affects your strength (-4).
   rN:        It renders you almost immune to negative energy.
   *Corrode:  It may corrode you when you take damage.
 G - the +4 ring mail "Zypteu" {rCorr Str+3}
   (You found it on level 6 of the Dungeon)

   Str:       It affects your strength (+3).
   rCorr:     It protects you from acid and corrosion.
 R - +0 swamp dragon scales (melded)
 U - +0 steam dragon scales
Jewellery
 e - a +4 ring of evasion (melded)
 g - a ring of protection from cold
 l - a ring of fire
Wands
 D - a wand of acid (6)
 H - a wand of flame (14)
 K - a wand of polymorph (8)
 S - a wand of paralysis (4)
Scrolls
 i - a scroll of poison
 r - a scroll of amnesia
 w - a scroll of identify
 y - 2 scrolls of magic mapping
 A - 2 scrolls of teleportation
 C - a scroll of noise
 I - 2 scrolls of fear
 L - a scroll of blinking
 T - a scroll of enchant armour {unknown}
Potions
 d - 2 potions of might
 h - a potion of haste
 j - a potion of mutation {unknown}
 k - a potion of berserk rage {unknown}
 o - a potion of flight {unknown}
 p - 2 potions of ambrosia {unknown}
 q - 2 potions of attraction {unknown}
 s - 4 potions of heal wounds
 u - a potion of lignification {unknown}
 v - 3 potions of degeneration {unknown}
 x - 2 potions of brilliance {unknown}
 B - 2 potions of curing {unknown}
 J - a potion of cancellation {unknown}


   Skills:
 * Level 7.1 Fighting
 + Level 10.8 Axes
 * Level 7.6 Armour
 - Level 0.6 Dodging
 * Level 11.5 Shields


You had 9 spell levels left.
You didn't know any spells.
Your spell library contained the following spells:

 Spells                   Type           Power      Damage    Failure   Level
 Magic Dart               Conj           0%         1d3       47%         1
 Shock                    Conj/Air       0%         1d3       47%         1
 Searing Ray              Conj           0%         2d4       63%         2
 Sublimation of Blood     Necr           0%         N/A       63%         2
 Wereblood                Tmut           0%         N/A       63%         2
 Stone Arrow              Conj/Erth      0%         3d7       85%         3
 Swiftness                Air            0%         N/A       85%         3
 Airstrike                Air            0%         2d(0-16)  99%         4
 Animate Armour           Summ/Erth      0%         N/A       99%         4
 Fulminant Prism          Conj/Hex       0%         3d6       99%         4
 Petrify                  Tmut/Erth      0%         N/A       99%         4
 Alistair's Intoxication  Tmut/Pois      0%         N/A       100%        5
 Borgnjor's Vile Clutch   Necr/Erth      0%         N/A       100%        5
 Metabolic Englaciation   Hex/Ice        0%         N/A       100%        5
 Eringya's Noxious Bog    Tmut/Pois      0%         N/A       100%        6
 Statue Form              Tmut/Erth      0%         N/A       100%        6
 Summon Hydra             Summ           0%         N/A       100%        7
 Lehudib's Crystal Spear  Conj/Erth      0%         10d2      100%        8


Dungeon Overview and Level Annotations

Branches:
Dungeon (9/15)             Temple (1/1) D:7
   Lair: D:8-11         Orc: D:9-12

Altars:
Ashenzari
Elyvilon
Fedhas
Hepliaklqana
Qazlal
Sif Muna
Trog
Uskayaw
Vehumet
Xom

Shops:
D:3 !   D:7 *

Annotations:
D:8 Psyche


Innate Abilities, Weirdness & Mutations

You are a bat.
You are tiny and dextrous.
You move quickly.
You are flying.
Your equipment is almost entirely melded.
You are incapable of wielding weapons or throwing items.
You cannot cast spells.
((You have a pair of horns on your head.))
((You reflexively headbutt those who attack you in melee.))


Message History

The wyvern misses you.
You hit the wyvern but do no damage. The wyvern closely misses you.
You barely miss the wyvern. The wyvern misses you. The wyvern bites you.
You hit the wyvern.
The wyvern is lightly wounded.
The wyvern barely misses you.
You hit the wyvern.
The wyvern is lightly wounded.
The wyvern bites you!
You hit the wyvern.
The wyvern is lightly wounded.
The wyvern barely misses you.
You hit the wyvern but do no damage.
The wyvern is lightly wounded.
The wyvern completely misses you. The wyvern closely misses you.
You barely miss the wyvern.
The wyvern is lightly wounded.
The wyvern closely misses you.
You hit the wyvern.
The wyvern is moderately wounded.
The wyvern hisses menacingly.
The wyvern completely misses you.
You hit the wyvern but do no damage.
The wyvern is moderately wounded.
The wyvern barely misses you.
You hit the wyvern but do no damage.
The wyvern is lightly wounded.
The wyvern bites you!
* * * LOW HITPOINT WARNING * * *
You hit the wyvern.
The wyvern is moderately wounded.
The wyvern closely misses you. The wyvern bites you!
* * * LOW HITPOINT WARNING * * *
You barely miss the wyvern.
The wyvern is moderately wounded.
The wyvern closely misses you.
You barely miss the wyvern.
The wyvern is moderately wounded.
The wyvern bites you!
You die...

####
.$.####
.......
####.......
#.......P._
#..bl......
#<^........
####...###.
...# ...#
#.## .# .#


You could see a wyvern.

Vanquished Creatures
  A two-headed ogre (D:8)
  The ghost of hawla the Arsonist, a novice MeFE (D:7)
  Maggie (D:8)
  Grinder (D:3)
  A hornet (D:7)
  A wyvern (D:8)
  Eustachio (D:4)
  A steam dragon (D:8)
  Duvessa (D:5)
  3 ice beasts
  2 sky beasts
  A black bear (D:5)
  2 phantoms (D:5)
  A kobold brigand (D:8)
  A bullfrog (D:8)
  4 scorpions
  2 necrophages
  4 wights (D:7)
  Dowan (D:5)
  2 howler monkeys (D:6)
  3 orc priests (D:4)
  7 hounds
  Jessica (D:2)
  4 orc wizards
  4 gnolls (D:7)
  6 adders
  A shadow imp (D:8)
  An ufetubus (D:5)
  3 worms
  A dart slug (D:3)
  15 orcs
  8 ball pythons
  3 bats (D:1)
  6 endoplasms
  4 giant cockroaches
  4 goblins
  3 hobgoblins
  7 jackals (D:1)
  10 kobolds
  A quokka (D:3)
  2 frilled lizards
  3 rats (D:2)
  A spectral goblin (D:5)
  A spectral hobgoblin (D:1)
131 creatures vanquished.

Notes
Turn   | Place    | Note
-------+----------+-------------------------------------------
     0 | D:1      | GigaChad the Minotaur Fighter began the quest for the Orb.
     0 | D:1      | Reached XP level 1. HP: 19/19 MP: 0/0
     9 | D:1      | Found a faded altar of an unknown god.
   437 | D:1      | Reached XP level 2. HP: 27/27 MP: 1/1
   623 | D:1      | Reached skill level 4 in Shields
   861 | D:1      | Prayed at the altar of an unknown god.
   861 | D:1      | Became a worshipper of Uskayaw the Reveller
   861 | D:1      | Reached * piety under Uskayaw
   990 | D:2      | Reached XP level 3. HP: 30/33 MP: 2/2
  1020 | D:2      | Reached ** piety under Uskayaw
  1206 | D:2      | Noticed Jessica
  1210 | D:2      | Killed Jessica
  1211 | D:2      | Reached XP level 4. HP: 39/40 MP: 3/3
  1707 | D:3      | Noticed Grinder
  1708 | D:3      | Paralysed by Grinder for 2 turns
  1712 | D:3      | Paralysed by Grinder for 5 turns
  1723 | D:3      | Paralysed by Grinder for 4 turns
  1736 | D:3      | Killed Grinder
  1737 | D:3      | Reached skill level 5 in Axes
  1737 | D:3      | Reached skill level 5 in Armour
  1737 | D:3      | Reached XP level 5. HP: 15/47 MP: 4/4
  1737 | D:3      | Reached XP level 6. HP: 17/53 MP: 5/5
  2739 | D:3      | Found Moitigiss's Distillery.
  3009 | D:4      | Reached *** piety under Uskayaw
  3010 | D:4      | Reached skill level 5 in Shields
  3555 | D:4      | Noticed Eustachio
  3581 | D:4      | Reached **** piety under Uskayaw
  3589 | D:4      | Reached ***** piety under Uskayaw
  4085 | D:4      | Killed Eustachio
  4086 | D:4      | Reached skill level 5 in Fighting
  4086 | D:4      | Reached XP level 7. HP: 30/61 MP: 6/6
  4538 | D:4      | Reached skill level 6 in Shields
  5031 | D:5      | Entered Level 5 of the Dungeon
  5202 | D:5      | Reached skill level 7 in Shields
  5202 | D:5      | Reached XP level 8. HP: 58/68 MP: 7/7
  5317 | D:5      | Noticed Dowan
  5322 | D:5      | Noticed Duvessa
  5336 | D:5      | Killed Dowan
  5336 | D:5      | Killed Duvessa
  5422 | D:5      | Identified the +1 pair of gloves of Inaction {*Corrode
                  | rN+++ Str-4}
  5683 | D:5      | Found a hazy altar of Hepliaklqana.
  5789 | D:6      | Reached skill level 8 in Shields
  6045 | D:6      | Identified the +4 ring mail "Zypteu" {rCorr Str+3}
  6351 | D:7      | Found a runed translucent door.
  6354 | D:7      | Noticed hawla's ghost (novice MeFE)
  6372 | D:7      | Killed hawla's ghost
  6373 | D:7      | Reached skill level 9 in Shields
  6373 | D:7      | Reached XP level 9. HP: 62/75 MP: 8/8
  6531 | D:7      | Found a staircase to the Ecumenical Temple.
  6570 | Temple   | Entered the Ecumenical Temple
  6681 | D:7      | Reached skill level 10 in Shields
  6690 | D:7      | Found Juergh's Lightly-Used Armoury.
  6698 | D:7      | Bought a -3 demon whip for 1 gold piece
  6698 | D:7      | Bought a -1 double sword for 110 gold pieces
  7057 | D:8      | Noticed a two-headed ogre
  7385 | D:8      | Killed a two-headed ogre
  7386 | D:8      | Reached skill level 10 in Axes
  7386 | D:8      | Reached skill level 11 in Shields
  7960 | D:8      | Noticed Maggie
  7992 | D:8      | Killed Maggie
  7993 | D:8      | Reached XP level 10. HP: 70/86 MP: 9/9
  8220 | D:8      | Noticed Psyche
  8235 | D:9      | Found a radiant altar of Vehumet.
  8253 | D:9      | Slain by a wyvern

Illustrated notes

Levels and vault maps discovered:
D:1:      saegor_arrival_simple_c, layout_basic,
          dreamdust_ecumenical_altar_drowned_temple, minmay_tripent
D:2:      layout_rooms, uniq_jessica
D:3:      layout_loops_ring, serial_shops, nicolae_lakefront_shop, minivault_19,
          uniq_grinder
D:4:      layout_basic, uniq_eustachio
D:5:      layout_cave_pools, nicolae_hepliaklqana_monster_ancestors,
          minmay_misc_feat_more_columns, minivault_19, uniq_duvessa
D:6:      layout_basic
D:7:      layout_loops_ring, temple_statues, hellmonk_ghost_happy_afterlife,
          minmay_shop_damaged
D:8:      layout_rooms, nicolae_shop_unique_rings, kennysheep_flooded_box,
          uniq_maggie, uniq_psyche
D:9:      layout_loops_ring, mainiacjoe_overflow_tiny_flanked,
          mainiacjoe_overflow_concentric_impassable, david_defended_altar_orc
Temple:   nicolae_temple_bog_church

Skill      XL: |  1  2  3  4  5  6  7  8  9 |
---------------+----------------------------+-----
Armour         | 4 5 6 7 |  7.6
Shields        | 4 5 7 9 11 | 11.5
Fighting       | 4 5 6 7 |  7.1
Axes           | 3 5 7 9 10 | 10.8
Dodging        | |  0.6

Action                   |  1- 3 |  4- 6 |  7- 9 | 10-12 || total
-------------------------+-------+-------+-------+-------++-------
Melee: War axe           |    41 |   171 |   209 |    20 ||   441
       Headbutt          |     5 |    21 |    32 |       ||    58
       Unarmed           |       |       |     4 |    18 ||    22
  Use: Scroll            |     5 |     2 |     5 |       ||    12
 Stab: Paralysed         |       |     7 |    12 |       ||    19
Armor: Scale mail        |    23 |       |       |       ||    23
       Chain mail        |     6 |   111 |    60 |       ||   177
       Ring mail         |       |       |    25 |     2 ||    27
       Swamp dragon scal |       |       |       |     5 ||     5
Dodge: Dodged            |    56 |    85 |    94 |    29 ||   264
Block: Buckler           |    18 |     5 |       |       ||    23
       Tower shield      |       |   124 |   194 |    20 ||   338
